 Dungeon Crawl Stone Soup version 0.28-a0-381-g937acc2988 (webtiles) character file.

Game seed: 1344672320902484689

217 voltaire321 the Insei (level 5, -1/34 HPs)
             Began as an Octopode Transmuter on Aug 31, 2021.
             Killed by divine providence
             ... invoked by an orc priest
              (11 damage)
             ... on level 3 of the Dungeon on Sept 1, 2021.
             The game lasted 00:08:08 (2265 turns).

voltaire321 the Insei (Octopode Transmuter)         Turns: 2265, Time: 00:08:09

Health: -1/34      AC:  1    Str: 10    XL:     5   Next: 94%
Magic:  9/9        EV: 13    Int: 15    God:
Gold:   84         SH:  0    Dex: 13    Spells: 6/9 levels left

rFire   . . .      SeeInvis .     - Unarmed
rCold   . . .      Faith    .   (no shield)
rNeg    . . .      Spirit   .   (helmet currently unavailable)
rPois   .          Reflect  .   (no amulet)
rElec   .          Harm     .   (no ring)
rCorr   .          Rampage  .   (no ring)
Will    .....                   (no ring)
Stlth   ++........              (no ring)
HPRegen 0.11/turn               (no ring)
MPRegen 0.11/turn               (no ring)
                                (no ring)
                                (no ring)

@: appendages (expiring)
A: tentacle spike 3, almost no armour, amphibious, 8 rings, camouflage 1,
gelatinous body 1, (nimble swimmer 1), tentacles
a: End Transformation


You were on level 3 of the Dungeon.
One of your tentacles had grown a beastly spike.
You visited 1 branch of the dungeon, and saw 3 of its levels.

You collected 84 gold pieces.

Inventory:

Missiles
 a - 6 curare-tipped darts
 e - 4 boomerangs
 f - 26 poisoned darts (quivered)
Armour
 g - a +0 buckler
Jewellery
 d - a +4 ring of evasion
Scrolls
 i - a scroll of enchant armour
 j - a scroll of enchant weapon {unknown}
Potions
 b - 2 potions of heal wounds
 c - a potion of lignification {unknown}
 h - a potion of berserk rage {unknown}


   Skills:
 + Level 2.3 Fighting
 + Level 1.8 Throwing
 + Level 3.0 Dodging
 + Level 1.3 Shields
 + Level 3.6 Unarmed Combat
 + Level 2.8 Spellcasting
 + Level 2.8 Transmutations


You had 6 spell levels left.
You knew the following spells:

 Your Spells              Type           Power      Damage    Failure   Level
a - Beastly Appendage     Tmut           20%        N/A       6%          1
b - Wereblood             Tmut           10%        N/A       10%         2

Your spell library contained the following spells:

 Spells                   Type           Power      Damage    Failure   Level
 Pain                     Necr           8%         1d4       21%         1
 Spider Form              Tmut/Pois      3%         N/A       34%         3
 Call Canine Familiar     Summ           2%         N/A       52%         3
 Portal Projectile        Hex/Tloc       4%         N/A       52%         3
 Ice Form                 Ice/Tmut       6%         N/A       75%         4
 Leda's Liquefaction      Hex/Erth       1%         N/A       90%         4
 Agony                    Necr           2%         N/A       99%         5
 Excruciating Wounds      Necr           1%         N/A       99%         5


Dungeon Overview and Level Annotations

Branches:
Dungeon (3/15)

Altars:


Innate Abilities, Weirdness & Mutations

One of your tentacles has grown a beastly spike.
You cannot wear most types of armour.
You are amphibious.
You can wear up to eight rings at the same time.
Your skin changes colour to match your surroundings (Stealth+).
Your rubbery body absorbs attacks. (AC +1, EV +1)
((You are camouflaged near water. (Stealth+)))
You have tentacles for arms and can constrict up to eight enemies at once.


Message History

Confirm with . or Enter, or press ? or * to list all spells.
One of your tentacles grows a vicious spike.
You barely miss the orc. Your grab misses the orc.
The orc hits you with a +0 hand axe.
You barely miss the orc. You grab the orc.
You pierce the orc.
The orc is severely wounded.
You constrict the orc. The orc closely misses you.
You tentacle-slap the orc.
You kill the orc!
Your Dodging skill increases to level 3! 2 orcs come into view.
Your transformation is almost over.
The orc shouts!
The orc priest looks encouraged for a moment.
You see here a +0 hand axe.
You tentacle-slap the orc priest but do no damage.
Your grab misses the orc priest. Your squeeze misses the orc priest.
The orc priest looks braver for a moment.
You barely miss the orc priest. You grab the orc priest.
You squeeze the orc priest.
The orc priest is moderately wounded.
You constrict the orc priest. The orc priest hits you with a +0 club.
The orc closely misses you.
You tentacle-slap the orc priest.
The orc priest is heavily wounded.
You constrict the orc priest, but do no damage.
The orc priest misses you. The orc hits you with a +0 club.
You barely miss the orc. You grab the orc. You squeeze the orc.
The orc is almost dead.
You constrict the orc priest, but do no damage.
You constrict the orc.
You kill the orc!
The orc priest looks braver for a moment.
You tentacle-slap the orc priest.
You pierce the orc priest.
The orc priest is heavily wounded.
You constrict the orc priest. The orc hits you with a +0 hand axe.
* * * LOW HITPOINT WARNING * * *
The orc priest calls down the wrath of Beogh upon you.
Beogh smites you!
You die...

####..#.# #.#
........# #.#
##.#..### #.########
##.#..#####.........
#.#..##............
#.#..........##
#.##.##.###.#.#
.....##.##.###.###
..........## ##@o#
##.#####.##.###.#o#
#. #.###>#.##.# #
#.# ##.###.# #.# ###
#.# #.# #.# #.# #..


You could see an orc priest and an orc.

Vanquished Creatures
  Sigmund (D:2)
  3 adders (D:2)
  A dart slug (D:2)
  2 orcs (D:3)
  2 ball pythons
  2 endoplasms (D:1)
  A giant cockroach (D:2)
  A hobgoblin (D:2)
  5 kobolds (D:1)
  5 bats
  4 frilled lizards (D:1)
  3 goblins
  3 rats (D:1)
33 creatures vanquished.

Notes
Turn   | Place    | Note
-------+----------+-------------------------------------------
     0 | D:1      | voltaire321 the Octopode Transmuter began the quest for the
                  | Orb.
     0 | D:1      | Reached XP level 1. HP: 13/13 MP: 3/3
   287 | D:1      | Reached XP level 2. HP: 18/18 MP: 3/5
   293 | D:1      | Upgraded the game from 0.28-a0-313-gbc0475efdd to
                  | 0.28-a0-381-g937acc2988
   893 | D:1      | Found a faded altar of an unknown god.
  1028 | D:2      | Learned a level 2 spell: Wereblood
  1185 | D:2      | Reached XP level 3. HP: 22/23 MP: 4/6
  1259 | D:2      | Noticed Sigmund
  1603 | D:2      | Reached skill level 1 in Throwing
  1923 | D:2      | Killed Sigmund
  1924 | D:2      | Reached skill level 1 in Shields
  1924 | D:2      | Reached XP level 4. HP: 18/29 MP: 6/8
  1924 | D:2      | Reached XP level 5. HP: 21/34 MP: 6/9
  2265 | D:3      | Killed from afar by an orc priest

Illustrated notes

Levels and vault maps discovered:
D:1:      kilobyte_arrival_exit_the_forest, layout_loops_ring,
          hellmonk_ecumenical_altar_inner_sanctum, serial_bayou_ford_a
D:2:      layout_loops_ring, minmay_stone_trees_medium, uniq_sigmund
D:3:      layout_loops_ring, lemuel_tele_altar, serial_shops,
          nicolae_square_shop

Skill      XL: |  1  2  3  4  5 |
---------------+----------------+-----
Throwing       | 1 |  1.8
Fighting       | 2 |  2.3
Shields        | 1 |  1.3
Dodging        | 3 |  3.0
Unarmed Combat | |  3.6
Spellcasting   | |  2.8
Transmutations | |  2.8

Action                   |  1- 3 |  4- 6 || total
-------------------------+-------+-------++-------
Melee: Unarmed           |    55 |    11 ||    66
       Constrict         |    14 |     4 ||    18
       Kick              |     8 |     2 ||    10
       Tentacles         |     5 |     2 ||     7
       Punch             |     1 |       ||     1
Throw: Dart              |    15 |       ||    15
 Cast: Beastly Appendage |    22 |     2 ||    24
  Use: Scroll            |     3 |       ||     3
 Stab: Sleeping          |     2 |       ||     2
Armor: Skin              |     6 |     1 ||     7
Dodge: Dodged            |    39 |     4 ||    43

Table legend: (Time is in decaauts)
 A = Elapsed time spent in this place.
 B = Non-inter-level travel time spent in this place.
 C = Inter-level travel time spent in this place.
 D = Time resting spent in this place.
 E = Time spent auto-exploring this place.
 F = Levels seen in this place.
 G = Mean time per level.
                   A        B        C        D        E       F      G
               +--------+--------+--------+--------+--------+-----+--------+
         Total |   2260 |   2078 |    182 |    360 |   1101 |   3 |  753.3 |
       Dungeon |   2260 |   2078 |    182 |    360 |   1101 |   3 |  753.3 |
               +--------+--------+--------+--------+--------+-----+--------+

Top non-repeatable levels by time:
     D:2: 1159 daAuts
     D:1: 1017 daAuts
     D:3: 84 daAuts
